 Dungeon Crawl Stone Soup version 0.27-a0-773-gaaee5cf45b (webtiles) character file.

Game seed: 427019986632306375

65 robertstho the Magician (level 4, -9/31 HPs)
             Began as a Djinni Air Elementalist on Mar 25, 2021.
             Killed by nerve-wracking pain
             ... invoked by Grinder
              (12 damage)
             ... on level 3 of the Dungeon.
             The game lasted 00:04:38 (2149 turns).

robertstho the Magician (Djinni Air Elementalist)   Turns: 2149, Time: 00:04:39

Health: -9/31      AC:  2    Str:  7    XL:     4   Next: 14%
Gold:   69         EV: 12    Int: 18    God:
                   SH:  0    Dex: 13

rFire    + + .     SeeInvis .   c - +1 dagger
rCold    x . .     Faith    .   (no shield)
rNeg     . . .     Spirit   .   a - +0 robe
rPois    ∞         Reflect  .   (no helmet)
rElec    .         Harm     .   (no cloak)
rCorr    .         Rampage  .   (no gloves)
Will     .....                  (boots unavailable)
Stlth    ++........             (no amulet)
HPRegen  0.10/turn              (no ring)
MPRegen  0.00/turn              (no ring)

@: flying
A: fire resistance 2, cold vulnerability 1, float, innate caster, hp casting,
extra vitality 1
a: no special abilities


You were on level 3 of the Dungeon.
You visited 1 branch of the dungeon, and saw 3 of its levels.

You collected 69 gold pieces.

Inventory:

Hand Weapons
 c - a +1 dagger (weapon)
Armour
 a - a +0 robe (worn)
Scrolls
 g - a scroll of enchant weapon
 h - a scroll of vulnerability {unknown}
 i - a scroll of torment {unknown}
Potions
 d - 2 potions of brilliance {unknown}
 e - a potion of lignification {unknown}
 f - a potion of curing {unknown}
 j - a potion of berserk rage {unknown}
 k - a potion of mutation {unknown}


   Skills:
 * Level 0.7 Fighting
 + Level 2.3 Dodging
 - Level 1.5 Stealth
 * Level 4.0 Spellcasting


You couldn't memorise any spells.
You knew the following spells:

 Your Spells              Type           Power      Damage    Failure   Level
a - Shock                 Conj/Air       72%        1d7       2%          1
b - Swiftness             Air            18%        N/A       4%          2
c - Static Discharge      Conj/Air       18%        N/A       9%          3
d - Airstrike             Air            9%         N/A       28%         4
e - Lightning Bolt        Conj/Air       9%         1d21      61%         5
f - Magic Dart            Conj           72%        1d6       2%          1
Your spell library was empty.

Dungeon Overview and Level Annotations

Branches:
Dungeon (3/15)

Altars:

Annotations:
D:3 Grinder


Innate Abilities, Weirdness & Mutations

You are immune to poison.
Your flesh is very heat resistant. (rF++)
You are vulnerable to cold. (rC-)
You float through the air rather than walking.
You learn spells naturally, not from books.
Your magical power is your life essence.
You have superior vitality. (+4 HP)


Message History

Aiming: Shock (safe; 2% risk of failure)
Press: ? - help, Shift-Dir - straight line, f/p - Grinder
Aim: Grinder (lightly wounded, 32% to evade)
The zap hits Grinder.
Grinder is moderately wounded.
Grinder gestures at you. Pain shoots through your body!
Casting: Shock (safe; 2% risk of failure)
Confirm with . or Enter, or press ? or * to list all spells.
The spell is extremely dangerous to cast (28% risk of failure)!
Continue anyway? [Y]es or [N]o only, please.
The spell is extremely dangerous to cast (28% risk of failure)!
Continue anyway?
Aiming: Airstrike (extremely dangerous; 28% risk of failure)
Press: ? - help, Dir - move target, f/p - Grinder
Aim: Grinder (moderately wounded)
The air twists around and strikes Grinder!
Grinder is heavily wounded.
Grinder gestures at you. Pain shoots through your body!
* * * LOW HITPOINT WARNING * * *
Grinder blinks! 2 orcs come into view.
Grinder blinks!
Found a stone staircase leading down.
Really fly into that dispersal trap?
You enter a dispersal trap!
Grinder blinks! x3; You blink.
Grinder gestures at you. You resist with significant effort.
As you read the scroll labelled OTAFUXY XEIR, it crumbles to dust.
It is a scroll of enchant weapon.
Your +0 dagger glows red for a moment.
Grinder hits you.
* * * LOW HITPOINT WARNING * * *
You writhe in agony.
* * * LOW HITPOINT WARNING * * *
As you read the scroll labelled TIQOVE AK BOLE, it crumbles to dust.
You feel aware of your surroundings.
You sensed 5 altars.
It was a scroll of magic mapping.
Grinder gestures at you. Pain shoots through your body!
You die...

*,**,* #.###...## #.#
*,**,**#,* #..†########,*
*,,,,,,,,* #...........,*
****,***** #..#########** *,*
#..# *,#######..#********
*,........§#*,,,,,,*
**########.#*,****,*
#..@...#*,* *,* *******
#.5.#..##.## *,* *,,,,,*
#.#...^....# *,*
*,***,***#...#..##..# *,* *,*
*,,,....##...*,.#**,***** *
*,***,**##.#*.....,,oo,,,,,,*
**
*,,,,,***#.,>....##**##****,*
,******,,,,,*######.## *,*
,,,,***,***,* #.# *,*


You could see Grinder.

Vanquished Creatures
  3 adders
  A worm (D:3)
  2 dart slugs (D:1)
  5 ball pythons
  An endoplasm (D:1)
  2 giant cockroaches (D:1)
  2 goblins
  3 hobgoblins (D:1)
  3 jackals (D:1)
  4 bats (D:1)
  A frilled lizard (D:1)
  2 kobolds (D:1)
  3 rats
32 creatures vanquished.

Notes
Turn   | Place    | Note
-------+----------+-------------------------------------------
     0 | D:1      | robertstho the Djinni Air Elementalist began the quest for
                  | the Orb.
     0 | D:1      | Reached XP level 1. HP: 15/15 MP: 0/0
    74 | D:1      | Reached skill level 3 in Spellcasting
    74 | D:1      | Reached XP level 2. HP: 13/21 MP: 0/0
  1006 | D:1      | Reached XP level 3. HP: 25/26 MP: 0/0
  1006 | D:1      | Learned a level 1 spell: Magic Dart
  1742 | D:2      | You are sucked into a shaft and drop 1 floor!
  1831 | D:3      | Reached XP level 4. HP: 28/31 MP: 0/0
  1898 | D:3      | Reached skill level 4 in Spellcasting
  2140 | D:3      | Noticed Grinder
  2149 | D:3      | Killed from afar by Grinder

Illustrated notes

Levels and vault maps discovered:
D:1:      minmay_arrival_four_circles, layout_rooms, amcnicky_mini_pool_small
D:2:      layout_basic, uniq_natasha
D:3:      layout_loops_corners, chequers_temple_overflow_minitemple,
          kennysheep_another_room, minmay_misc_feat_tiny, grunt_decor_arrowhead,
          uniq_grinder

Skill      XL: |  1  2  3  4 |
---------------+-------------+-----
Spellcasting   | 3 4 |  4.0
Fighting       | |  0.7
Dodging        | |  2.3
Stealth        | |  1.5

Action                   |  1- 3 |  4- 6 || total
-------------------------+-------+-------++-------
 Cast: Shock             |    67 |    17 ||    84
       Airstrike         |       |     1 ||     1
  Use: Scroll            |       |     2 ||     2
Armor: Robe              |     2 |       ||     2
Dodge: Dodged            |    10 |     1 ||    11

Table legend: (Time is in decaauts)
 A = Elapsed time spent in this place.
 B = Non-inter-level travel time spent in this place.
 C = Inter-level travel time spent in this place.
 D = Time resting spent in this place.
 E = Time spent auto-exploring this place.
 F = Levels seen in this place.
 G = Mean time per level.
                   A        B        C        D        E       F      G
               +--------+--------+--------+--------+--------+-----+--------+
         Total |   2149 |   2127 |     22 |    520 |   1440 |   3 |  716.3 |
       Dungeon |   2149 |   2127 |     22 |    520 |   1440 |   3 |  716.3 |
               +--------+--------+--------+--------+--------+-----+--------+

Top non-repeatable levels by time:
     D:1: 1314 daAuts
     D:2: 428 daAuts
     D:3: 406 daAuts
